[Event "Team 45 45 League T51"]
[Site "Internet Chess Club"]
[Date "2011.11.15"]
[Round "1"]
[White "PostMike"]
[Black "houseofcook"]
[Result "0-1"]
[WhiteElo "1393"]
[BlackElo "1435"]
[Opening "French: Tarrasch, closed variation, main line"]
[ECO "C06"]
[Time "14:30:13"]
[TimeControl "2700+45"]

1. e4 e6 2. d4 d5 3. Nd2 Nf6 4. e5 Nfd7 5. Bd3 c5 6. c3 Nc6 7. Ne2 cxd4 8. cxd4
f6 9. f4 fxe5 10. fxe5 Nxd4 11. Nxd4 Qh4+ 12. g3 Qxd4 13. Qh5+ Kd8 14. Be2 Qxe5
15. Qh3 Nf6 16. Nf3 Bb4+ 17. Kf1 Qc7 18. Bf4 e5 {White resigns} 0-1

[Event "Team 45 45 League T51"]
[Site "Internet Chess Club"]
[Date "2011.11.18"]
[Round "1"]
[White "Paulkov"]
[Black "SlimeDog2"]
[Result "1-0"]
[WhiteElo "2249"]
[BlackElo "2049"]
[Opening "KGD: Nimzovich counter-gambit"]
[ECO "C31"]
[Time "21:32:35"]
[TimeControl "2700+45"]

1. e4 e5 2. f4 d5 3. exd5 c6 4. Nc3 exf4 5. Nf3 Bd6 6. d4 Ne7 7. Bd3 Nxd5 8.
Qe2+ Be6 9. O-O O-O 10. Ne4 Re8 11. Nxd6 Qxd6 12. c4 Nb4 13. Bb1 Nd7 14. a3 Na6
15. c5 Qd5 16. Bxf4 Bf5 17. Qf2 Bxb1 18. Raxb1 Re4 19. Qg3 Nf6 20. Be5 Ng4 21.
Ng5 Nxe5 22. Nxe4 Qxd4+ 23. Kh1 Nd3 24. Nd6 Naxc5 25. b4 Ne4 26. Nxe4 Qxe4 27.
Rbd1 {Black resigns} 1-0

[Event "Team 45 45 League T51"]
[Site "Internet Chess Club"]
[Date "2011.11.13"]
[Round "1"]
[White "cysk"]
[Black "Boromir"]
[Result "0-1"]
[WhiteElo "1714"]
[BlackElo "1928"]
[Opening "Caro-Kann: advance variation"]
[ECO "B12"]
[Time "01:07:41"]
[TimeControl "2700+45"]

1. e4 c6 2. d4 d5 3. e5 c5 4. dxc5 e6 5. Be3 Nh6 6. Bxh6 gxh6 7. Nf3 Bg7 8. Bb5+
Bd7 9. Qe2 Qc7 10. Nc3 Qxc5 11. O-O-O O-O 12. Kb1 a6 13. Bxd7 Nxd7 14. Rhe1 b5
15. Qe3 Rac8 16. Qxc5 Rxc5 17. a3 Rfc8 18. Re2 a5 {White forfeits on time} 0-1

[Event "Team 45 45 League T51"]
[Site "Internet Chess Club"]
[Date "2011.11.12"]
[Round "1"]
[White "cesaralexander"]
[Black "Eyechess"]
[Result "1-0"]
[WhiteElo "1927"]
[BlackElo "1930"]
[Opening "Benkö gambit half accepted"]
[ECO "A57"]
[Time "22:00:51"]
[TimeControl "2700+45"]

1. d4 Nf6 2. c4 c5 3. d5 b5 4. cxb5 a6 5. b6 a5 6. Nc3 Ba6 7. e4 Bxf1 8. Kxf1 d6
9. Nf3 Nbd7 10. Qa4 Qxb6 11. e5 Qb4 12. exf6 {Black resigns} 1-0

[Event "Team 45 45 League T51"]
[Site "Internet Chess Club"]
[Date "2011.11.12"]
[Round "1"]
[White "katikus"]
[Black "FlyingTiger"]
[Result "1-0"]
[WhiteElo "1780"]
[BlackElo "1793"]
[Opening "Sicilian: Alapin's variation (2.c3)"]
[ECO "B22"]
[Time "15:03:28"]
[TimeControl "2700+45"]

1. e4 c5 2. c3 Nf6 3. e5 Nd5 4. d4 cxd4 5. Nf3 Nc6 6. Bc4 Nb6 7. Bb3 d5 8. exd6
Qxd6 9. Na3 dxc3 10. Qxd6 exd6 11. Nb5 Kd8 12. Nxc3 Be6 13. O-O Bxb3 14. axb3 f6
15. Bf4 a6 16. Rfd1 Kc7 17. Ne4 Rd8 18. Rac1 Kb8 19. Nd4 Nxd4 20. Rxd4 Be7 21.
Nc3 f5 22. Rb4 Nd7 23. Nd5 Bf8 24. Rc7 Nc5 25. Rxc5 g5 26. Rc7 {Black resigns}
1-0

[Event "Team 45 45 League T51"]
[Site "Internet Chess Club"]
[Date "2011.11.13"]
[Round "1"]
[White "chess9793"]
[Black "PandorasBox"]
[Result "1-0"]
[WhiteElo "2156"]
[BlackElo "1954"]
[Opening "French: Tarrasch, closed variation, main line"]
[ECO "C06"]
[Time "16:01:23"]
[TimeControl "2700+45"]

1. e4 e6 2. d4 d5 3. Nd2 Nf6 4. e5 Nfd7 5. Bd3 c5 6. c3 Nc6 7. Ne2 cxd4 8. cxd4
f6 9. exf6 Nxf6 10. O-O Bd6 11. Nf3 O-O 12. Bf4 Bxf4 13. Nxf4 Ne4 14. g3 Qf6 15.
h4 h6 16. Kg2 Bd7 17. Bb5 Rad8 18. Bxc6 Bxc6 19. Ne5 Bb5 20. Re1 g5 21. hxg5
hxg5 22. Ng4 Qg7 23. Nxe6 Qg6 24. Nxd8 Rxd8 25. Rxe4 Qxe4+ 26. f3 Qg6 27. Rc1
Bd7 28. Ne5 Qf5 29. g4 Qh7 30. Rc7 Ba4 31. Rxh7 Bxd1 32. Rh8+ Kxh8 33. Nf7+ Kg7
34. Nxd8 b5 35. Nc6 Kf6 36. Nxa7 Be2 37. Kf2 Bd3 38. Ke3 Bf1 39. Nc6 Ke6 40. Nb4
Bh3 41. Kf2 Kd6 42. Nd3 Ke6 43. Nb4 Kd6 44. Nc2 {Black resigns} 1-0

[Event "Team 45 45 League T51"]
[Site "Internet Chess Club"]
[Date "2011.11.13"]
[Round "1"]
[White "Stryker672"]
[Black "wilson97"]
[Result "1-0"]
[WhiteElo "1950"]
[BlackElo "1873"]
[Opening "Sicilian: Alapin's variation (2.c3)"]
[ECO "B22"]
[Time "18:01:36"]
[TimeControl "2700+45"]

1. e4 c5 2. c3 g6 3. Nf3 Bg7 4. Bc4 Nc6 5. d4 cxd4 6. cxd4 Qc7 7. Bb3 d6 8. O-O
Bg4 9. Bxf7+ Kxf7 10. Ng5+ Ke8 11. Qxg4 Nxd4 12. Nc3 Nf6 13. Ne6 Nxe6 14. Qxe6
Qd7 15. Qb3 Qc6 16. Re1 Nd7 17. Be3 Bxc3 18. bxc3 b6 19. Rad1 Rc8 20. Qe6 Nf8
21. Qg4 Qd7 22. Qg5 h6 23. Qh4 Qe6 24. e5 Rc4 25. Rd4 Rxd4 26. Qxd4 Qxe5 27.
Qa4+ Kf7 28. Qxa7 Qxc3 29. Bd2 Qxd2 30. Rxe7+ Kf6 31. Rf7+ Kg5 32. Qe7+ Kh5 33.
g4+ Kxg4 34. Qe4+ Kg5 35. h4+ Kh5 36. Qf3+ Kxh4 37. Rf4+ Qxf4 38. Qxf4+ Kh5 39.
Qf3+ Kg5 40. Qd5+ {Black resigns} 1-0

[Event "Team 45 45 League T51"]
[Site "Internet Chess Club"]
[Date "2011.11.13"]
[Round "1"]
[White "e4master"]
[Black "Holzschlange"]
[Result "0-1"]
[WhiteElo "1769"]
[BlackElo "1854"]
[Opening "Giuoco Piano"]
[ECO "C54"]
[Time "20:35:02"]
[TimeControl "2700+45"]

1. e4 e5 2. Nf3 Nc6 3. Bc4 Bc5 4. c3 Nf6 5. d4 exd4 6. cxd4 Bb4+ 7. Bd2 Bxd2+ 8.
Nbxd2 d5 9. exd5 Nxd5 10. Qb3 Be6 11. Qxb7 Na5 12. Bb5+ Kf8 13. Qa6 c6 14. Ba4
Nb4 15. Qe2 Bf5 16. Kd1 Nd3 17. Bc2 Nxb2+ 18. Kc1 Bxc2 19. Kxc2 Na4 20. Qe3 Qd6
21. Rhe1 Nb6 22. Qc3 Nb7 23. Ne4 Qd5 24. Ne5 f6 25. Qa3+ c5 26. Nf3 Kf7 27. dxc5
Rhc8 28. Qb3 Kf8 29. Qb4 Nxc5 30. Rac1 Kg8 31. Nc3 Qf5+ 32. Kd1 Rd8+ 33. Nd2
Rxd2+ 34. Kxd2 Qd3# {White checkmated} 0-1

[Event "Team 45 45 League T51"]
[Site "Internet Chess Club"]
[Date "2011.11.13"]
[Round "1"]
[White "alexdb"]
[Black "cityprosecutor"]
[Result "1-0"]
[WhiteElo "1899"]
[BlackElo "1700"]
[Opening "King's pawn opening"]
[ECO "B07"]
[Time "19:06:52"]
[TimeControl "2700+45"]

1. e4 d6 2. Nf3 Nf6 3. d3 g6 4. g3 Bg7 5. Bg2 c5 6. Nc3 Nc6 7. O-O a6 8. h3 Qc7
9. Nh4 b5 10. f4 Bb7 11. g4 h6 12. Nf3 e6 13. Re1 b4 14. Ne2 a5 15. Be3 a4 16.
Rb1 a3 17. b3 Na7 18. Qd2 Nb5 19. c4 Na7 20. Ng3 Nc6 21. d4 Na5 22. d5 O-O 23.
Qf2 Rfc8 24. g5 Nxd5 25. exd5 exd5 26. gxh6 Bc3 27. h7+ Kxh7 28. Ng5+ Kg7 29.
cxd5 Re8 30. Red1 Qe7 31. N3e4 Bxd5 32. Rxd5 Nxb3 33. Rxb3 {Black resigns} 1-0

[Event "Team 45 45 League T51"]
[Site "Internet Chess Club"]
[Date "2011.11.12"]
[Round "1"]
[White "otherook"]
[Black "randallsr"]
[Result "0-1"]
[WhiteElo "1791"]
[BlackElo "1711"]
[Opening "English opening"]
[ECO "A13"]
[Time "14:03:31"]
[TimeControl "2700+45"]

1. c4 e6 2. g3 b6 3. Bg2 Nc6 4. Nc3 Bb7 5. Nf3 Be7 6. O-O Nf6 7. d4 h6 8. e4 d6
9. d5 exd5 10. cxd5 Ne5 11. Nxe5 dxe5 12. Qa4+ Qd7 13. Qxd7+ Nxd7 14. Be3 a6 15.
a3 Bd6 16. Na2 a5 17. Nc3 Ba6 18. Rfc1 Nc5 19. Bxc5 Bxc5 20. Bf1 Bxf1 21. Kxf1
Kd7 22. a4 Rhf8 23. Ke2 Rac8 24. Nb5 f5 25. Nc3 Bd4 26. f3 fxe4 27. fxe4 Rf2+
28. Kd3 Rcf8 29. b3 R8f3+ 30. Kc4 Rxh2 31. Ra2 Rxc3+ {White resigns} 0-1

[Event "Team 45 45 League T51"]
[Site "Internet Chess Club"]
[Date "2011.11.14"]
[Round "1"]
[White "Sirian"]
[Black "Razorbackchess"]
[Result "0-1"]
[WhiteElo "1581"]
[BlackElo "1754"]
[Opening "Sicilian: Taimanov variation"]
[ECO "B49"]
[Time "20:02:39"]
[TimeControl "2700+45"]

1. e4 c5 2. Nf3 e6 3. d4 cxd4 4. Nxd4 Nc6 5. Be3 a6 6. Nc3 Qc7 7. Be2 Nf6 8. O-O
Bb4 9. Qd3 Ne5 10. Bf4 Nxd3 11. Bxc7 Nxb2 12. Nd1 Nxd1 13. Rfxd1 Nxe4 14. Rab1
Bc5 15. Rb3 O-O 16. Bf3 f5 17. a4 d6 18. a5 e5 19. Bxe4 fxe4 20. Ne2 Bxf2+ 21.
Kh1 Bg4 22. Rxd6 Bxe2 23. Rd7 Bb6 24. h3 Bxc7 25. Rxc7 Rf7 26. Rbxb7 Rxc7 27.
Rxc7 Re8 28. c4 Bd3 29. c5 e3 30. Rd7 e2 31. c6 e1=Q+ 32. Kh2 Bb5 33. Rd6 Qe4
34. c7 Qc4 35. Rd8 Qxc7 36. Rxe8+ Bxe8 37. h4 e4+ 38. Kg1 Qc5+ 39. Kh2 e3 40. h5
e2 41. h6 e1=Q 42. g3 Qef2+ 43. Kh3 Bd7+ 44. Kh4 Qh2# {White checkmated} 0-1

[Event "Team 45 45 League T51"]
[Site "Internet Chess Club"]
[Date "2011.11.13"]
[Round "1"]
[White "Invicta-Knight"]
[Black "Signalman"]
[Result "1-0"]
[WhiteElo "1454"]
[BlackElo "1515"]
[Opening "Center game: Berger variation"]
[ECO "C22"]
[Time "13:36:17"]
[TimeControl "2700+45"]

1. e4 e5 2. d4 exd4 3. Qxd4 Nc6 4. Qe3 Nf6 5. Nc3 Bb4 6. Bd2 O-O 7. O-O-O Re8 8.
Qg3 Rxe4 9. a3 Bd6 10. f4 Re8 11. Bd3 Bf8 12. Nf3 d5 13. f5 d4 14. Ne2 Bxf5 15.
Bxf5 Rxe2 16. Bd3 Re8 17. Rhf1 Bd6 18. Qh3 Be5 19. Bg5 g6 20. Nxe5 Nxe5 21. Bxf6
Qd6 22. Qh6 Qf8 23. Qxf8+ Kxf8 24. h3 Nd7 25. Bxd4 c5 26. Bc3 Nb6 27. Ba5 Nd5
28. Bc4 Ne3 29. Rxf7+ Kg8 30. Rf4+ Nxc4 31. Rxc4 b6 32. Bc3 Re2 33. Rd7 Rxg2 34.
Rg7+ Kf8 35. Rf4+ Ke8 36. Rg8+ {Black resigns} 1-0

[Event "Team 45 45 League T51"]
[Site "Internet Chess Club"]
[Date "2011.11.12"]
[Round "1"]
[White "werty"]
[Black "Whalen"]
[Result "1/2-1/2"]
[WhiteElo "1518"]
[BlackElo "1587"]
[Opening "Queen's pawn game"]
[ECO "A45"]
[Time "14:00:40"]
[TimeControl "2700+45"]

1. d4 Nf6 2. e3 g6 3. Bd3 Bg7 4. Nf3 d6 5. c3 Nc6 6. O-O O-O 7. Nbd2 Re8 8. e4
Nh5 9. Re1 e5 10. d5 Ne7 11. c4 f5 12. exf5 Nxf5 13. Ne4 Nf6 14. Bg5 h6 15.
Nxf6+ Bxf6 16. Bxf6 Qxf6 17. Be4 Re7 18. Qc2 Bd7 19. Re2 g5 20. Bxf5 Bxf5 21.
Qd2 Rf7 22. Re3 Qg6 23. Rae1 Qh5 24. Qe2 Raf8 25. Nd2 Qh4 26. Nf3 Qh5 27. Nd2
Qg6 28. Ne4 Bxe4 29. Rxe4 Rxf2 30. Qxf2 Rxf2 31. Kxf2 Qf5+ 32. Kg1 Kg7 33. b3 h5
34. R4e2 c6 35. dxc6 bxc6 36. Rf2 Qd3 {Game drawn by mutual agreement} 1/2-1/2

[Event "Team 45 45 League T51"]
[Site "Internet Chess Club"]
[Date "2011.11.13"]
[Round "1"]
[White "SugarIslander"]
[Black "Grenadier"]
[Result "1-0"]
[WhiteElo "1679"]
[BlackElo "1726"]
[Opening "Nimzo-Indian: Sämisch variation"]
[ECO "E24"]
[Time "12:00:24"]
[TimeControl "2700+45"]

1. d4 Nf6 2. c4 e6 3. Nc3 Bb4 4. a3 Bxc3+ 5. bxc3 b6 6. Nf3 Bb7 7. e3 d6 8. Be2
Nbd7 9. O-O O-O 10. Nd2 c5 11. Bf3 Qc7 12. Re1 d5 13. cxd5 Nxd5 14. c4 N5f6 15.
Bb2 Rad8 16. Bxb7 Qxb7 17. Qc2 Qc6 18. Rad1 Rfe8 19. Nf3 Qe4 20. Qa4 Qb7 21. Qc2
Qe4 22. Qb3 Qc6 23. d5 exd5 24. cxd5 Qd6 25. Qa4 Qc7 26. e4 c4 27. Rc1 Nc5 28.
Qxc4 Qf4 29. Bxf6 g6 {Black resigns} 1-0

[Event "Team 45 45 League T51"]
[Site "Internet Chess Club"]
[Date "2011.11.13"]
[Round "1"]
[White "zepled37"]
[Black "rom1"]
[Result "1-0"]
[WhiteElo "1653"]
[BlackElo "1601"]
[Opening "Alekhine's defense: exchange variation"]
[ECO "B03"]
[Time "10:07:20"]
[TimeControl "2700+45"]

1. e4 Nf6 2. e5 Nd5 3. d4 d6 4. c4 Nb6 5. exd6 cxd6 6. Nc3 g6 7. Be3 Bg7 8. Rc1
Nc6 9. d5 Ne5 10. Be2 O-O 11. b3 f5 12. f4 Nf7 13. Nf3 Bd7 14. O-O Re8 15. Qd2
e6 16. dxe6 Rxe6 17. Nd4 Re8 18. Bf3 Rb8 19. Rfd1 Qe7 20. Nc2 Be6 21. Nb5 Rbd8
22. Nxa7 Nc8 23. Nxc8 Bxc8 24. Bb6 Rd7 25. Re1 Qf8 26. Rxe8 Qxe8 27. Re1 Re7 28.
Rxe7 Qxe7 29. Qe3 Qxe3+ 30. Nxe3 Bb2 31. Nd5 Kf8 32. Kf2 Ke8 33. Ke3 h6 34. Bd4
Bc1+ 35. Kd3 g5 36. Be3 Bxe3 37. Kxe3 g4 38. Be2 Nd8 39. h3 Kf7 40. hxg4 fxg4
41. Ke4 Bd7 42. a4 Bc6 43. Kd3 Ne6 44. g3 Nc5+ 45. Kc2 h5 46. Nc3 Bf3 47. Bxf3
gxf3 48. Nd1 Kf6 49. a5 Ne4 50. b4 Nxg3 51. b5 Ne4 52. a6 Nc5 53. a7 {Black
resigns} 1-0

[Event "Team 45 45 League T51"]
[Site "Internet Chess Club"]
[Date "2011.11.12"]
[Round "1"]
[White "oldsj"]
[Black "bmw2002"]
[Result "1/2-1/2"]
[WhiteElo "1506"]
[BlackElo "1559"]
[Opening "Caro-Kann: Panov-Botvinnik attack"]
[ECO "B13"]
[Time "18:05:43"]
[TimeControl "2700+45"]

1. e4 c6 2. d4 d5 3. exd5 cxd5 4. c4 Nf6 5. Nc3 Nc6 6. c5 Qc7 7. Nf3 Bg4 8. Be2
e6 9. h3 Bh5 10. O-O Be7 11. a3 O-O 12. b4 a6 13. Be3 Rfd8 14. Qc2 e5 15. dxe5
Nxe5 16. Nd4 Bg6 17. Qb3 Nc6 18. Bf3 Be4 19. Bxe4 dxe4 20. Nxc6 bxc6 21. Rad1
Qe5 22. Na4 Nd5 23. Bd4 Qg5 24. Nb6 Rab8 25. Nxd5 Qxd5 26. Qg3 g6 27. Qe5 Qxe5
28. Bxe5 Rbc8 29. Rfe1 f5 30. Kf1 Kf7 31. Ke2 Ke6 32. Bc3 g5 33. Ke3 h5 34. f3
Rxd1 35. Rxd1 exf3 36. Kxf3 Rd8 37. Re1+ Kf7 38. Ke3 Bf6 39. Bxf6 Re8+ 40. Be7
Rxe7+ 41. Kf2 Rxe1 42. Kxe1 Ke6 43. Kd2 h4 44. a4 g4 45. Ke2 Kd5 46. Kd3 gxh3
47. gxh3 f4 48. Ke2 Kc4 49. b5 Kxc5 50. bxa6 Kb6 51. Kf3 c5 52. Kxf4 Kxa6 53.
Ke4 Ka5 54. Kd5 Kb4 55. a5 Kxa5 56. Kxc5 {Game drawn by mutual agreement}
1/2-1/2

[Event "Team 45 45 League T51"]
[Site "Internet Chess Club"]
[Date "2011.11.12"]
[Round "1"]
[White "GoIrish"]
[Black "smsxman"]
[Result "1-0"]
[WhiteElo "1623"]
[BlackElo "1444"]
[Opening "Neo-Grünfeld, 6.O-O"]
[ECO "D77"]
[Time "21:57:31"]
[TimeControl "2700+45"]

1. Nf3 Nf6 2. g3 g6 3. Bg2 Bg7 4. O-O O-O 5. d4 d5 6. c4 Nc6 7. cxd5 Nxd5 8. e4
Nf6 9. Nc3 Bg4 10. Be3 e6 11. h3 Bxf3 12. Bxf3 h6 13. Rc1 Nh7 14. e5 Qc8 15. Na4
Qd7 16. Nc5 Qc8 17. Qc2 Nb4 18. Qb3 Nd5 19. Bxd5 exd5 20. Qxd5 b6 21. Nd3 Rd8
22. Qc4 c5 23. dxc5 Qxh3 24. Nf4 Qf5 25. e6 Rdc8 26. exf7+ Kh8 27. b3 Ng5 28.
Qd5 Nh3+ 29. Kh2 Nxf4 30. Qxf5 gxf5 31. Bxf4 bxc5 32. Bd6 Bf8 33. Bxf8 Rxf8 34.
Rxc5 Rxf7 35. Rfc1 Kg7 36. Kh3 Re8 37. R1c2 f4 38. gxf4 Rxf4 39. Rc7+ Rf7 40.
Rxf7+ Kxf7 41. Rc7+ Re7 42. Rxe7+ Kxe7 43. Kh4 a5 44. Kh5 Kd6 45. Kxh6 Ke5 46.
Kg5 Ke4 47. f4 Kd3 48. f5 Kc2 49. f6 Kb2 50. f7 Kxa2 51. f8=Q Kxb3 52. Qf3+ Kb4
53. Qe4+ Kb5 54. Qe5+ Kb4 55. Qa1 a4 56. Kf4 a3 57. Ke3 Kb3 58. Qb1+ {Black
resigns} 1-0

[Event "Team 45 45 League T51"]
[Site "Internet Chess Club"]
[Date "2011.11.11"]
[Round "1"]
[White "chiiwen"]
[Black "QueensCounselor"]
[Result "1-0"]
[WhiteElo "2229"]
[BlackElo "2136"]
[Opening "QGD Slav: 4.e3 Bf5"]
[ECO "D12"]
[Time "13:00:32"]
[TimeControl "2700+45"]

1. Nf3 d5 2. d4 Nf6 3. c4 c6 4. e3 Bf5 5. Nc3 e6 6. Nh4 Bg6 7. h3 Nbd7 8. Nxg6
hxg6 9. Qb3 Qb6 10. Bd2 Be7 11. Be2 O-O 12. O-O Rac8 13. c5 Qc7 14. Qc2 e5 15.
f4 e4 16. g4 b6 17. b4 g5 18. Kg2 gxf4 19. exf4 Rce8 20. Be3 bxc5 21. bxc5 Rb8
22. Rab1 Nh7 23. Rb3 Bh4 24. Rfb1 g5 25. Qd2 Rxb3 26. axb3 Re8 27. Rf1 Ndf8 28.
Bd1 Ne6 29. Ne2 gxf4 30. Nxf4 a5 31. Kh1 Nhg5 32. Nxe6 Nxe6 33. g5 Rb8 34. Bh5
Rf8 35. Bg4 Qb8 36. g6 Qe8 37. gxf7+ Rxf7 38. Rg1 Rg7 39. Qxa5 Ng5 40. Qa2 Nf3
41. Rg2 Bg5 42. Qe2 Qf7 43. Bxg5 Nxg5 44. Rf2 Qg6 45. Rg2 Qh6 46. Qe3 Qf6 47. b4
Qf1+ 48. Rg1 Qf6 49. Kh2 Nf7 50. Rg2 Nh6 51. Bd7 Nf5 52. Bxf5 Qxf5 53. Rxg7+
Kxg7 54. Kg2 Kh7 55. Qg3 Qf6 56. Qe3 Qg6+ 57. Kh2 Qg7 58. Qf2 Qc7+ 59. Qg3 Qf7
60. Qh4+ Kg8 61. Qg3+ Kh7 62. Qe3 Qc7+ 63. Kh1 Qf7 64. Kg1 Qg7+ 65. Kf2 Qf6+ 66.
Ke2 Qh4 67. Kd2 Qf6 68. Ke2 Qh4 69. b5 cxb5 70. c6 Qh5+ 71. Kd2 Qf7 72. Qg3 Qe7
73. c7 Qb4+ 74. Qc3 {Black resigns} 1-0

[Event "Team 45 45 League T51"]
[Site "Internet Chess Club"]
[Date "2011.11.13"]
[Round "1"]
[White "koni"]
[Black "Chess-Dream"]
[Result "1/2-1/2"]
[WhiteElo "1892"]
[BlackElo "2072"]
[Opening "QGD Slav: 4.Nc3"]
[ECO "D15"]
[Time "12:30:24"]
[TimeControl "2700+45"]

1. Nf3 d5 2. d4 Nf6 3. c4 c6 4. Nc3 a6 5. c5 Bf5 6. Bf4 Nbd7 7. e3 Nh5 8. Be5 f6
9. Bg3 e5 10. Nh4 Bg6 11. Nxg6 hxg6 12. Qg4 Rh6 13. Bd3 f5 14. Qe2 Nxg3 15. fxg3
Qc7 16. O-O-O Be7 17. Kb1 e4 18. Bc2 a5 19. Qf2 b6 20. cxb6 Nxb6 21. Na4 Rb8 22.
Rc1 Nd7 23. Bb3 Qd6 24. Rc2 Nb6 25. Rhc1 Qb4 26. Nxb6 Rxb6 27. Rxc6 Rxc6 28.
Rxc6 a4 29. Bd1 Qb5 30. Qc2 a3 31. h3 axb2 32. Be2 Qb4 33. Qc3 g5 34. Qxb4 Bxb4
35. Rc2 Ba3 36. Rc3 Bd6 37. Kxb2 Bxg3 38. a4 Rb6+ 39. Kc2 Ke7 40. a5 Rb4 41. Ra3
Bb8 42. a6 Ba7 43. Rc3 Kd7 44. Ra3 Kd6 45. Ra5 f4 46. Kc3 Rb1 47. Rb5 Rxb5 48.
Bxb5 fxe3 49. Be2 Kc6 {Game drawn by mutual agreement} 1/2-1/2

[Event "Team 45 45 League T51"]
[Site "Internet Chess Club"]
[Date "2011.11.13"]
[Round "1"]
[White "Legal"]
[Black "expectnomercy"]
[Result "1-0"]
[WhiteElo "2004"]
[BlackElo "1840"]
[Opening "Queen's bishop game"]
[ECO "D02"]
[Time "06:06:06"]
[TimeControl "2700+45"]

1. d4 Nf6 2. Nf3 d5 3. Bf4 e6 4. e3 Bd6 5. Ne5 c6 6. Nd2 Qc7 7. Bd3 Nbd7 8. Nxd7
Bxd7 9. Bxd6 Qxd6 10. f4 c5 11. O-O O-O 12. c3 Rfe8 13. Rf3 Bc6 14. Rh3 cxd4 15.
cxd4 Qb4 16. Nf3 h6 17. Ne5 Bb5 18. a3 Qa5 19. Bc2 Rac8 20. g4 Kf8 21. g5 hxg5
22. fxg5 Ne4 23. Bxe4 dxe4 24. Qh5 Qc7 25. Qh8+ Ke7 26. Qxg7 Rg8 27. Qf6+ Kf8
28. Rh7 Be8 29. g6 Qd8 30. g7+ Rxg7+ 31. Rxg7 Qxf6 32. Rg3 Rc2 33. Rf1 Qh6 34.
Ng6+ Kg8 35. Nf4+ Kh7 36. Rh3 Qxh3 37. Nxh3 Rxb2 38. Ng5+ Kg6 39. Nxe4 Bc6 40.
Rf6+ Kg7 41. Rf4 f5 42. Nc5 Kf6 43. Rf2 Rb1+ 44. Rf1 Rb2 45. Rf2 Rb1+ 46. Rf1
Rxf1+ 47. Kxf1 Bd5 48. Kf2 Kg6 49. Kg3 Kg5 50. h4+ Kh5 51. Nd7 Kg6 52. Kf4 Bb3
53. Nc5 Bd5 54. Ke5 Kf7 55. h5 b6 56. Nd3 a5 57. Nf4 Bc4 58. Kd6 b5 59. Kc5 Bf1
60. Ng6 Be2 61. Ne5+ Kf6 62. h6 b4 63. axb4 axb4 64. Kxb4 Bh5 65. Kc5 Bd1 66.
Kd6 Bb3 67. Nd7+ Kg6 68. Nc5 Bc2 69. Kxe6 Kxh6 70. d5 Kg5 71. d6 f4 72. e4 Bd1
73. Kf7 Bh5+ 74. Ke7 f3 75. e5 Bg6 76. Ne6+ Kg4 77. d7 f2 78. d8=Q f1=Q 79. Qd4+
Kg3 80. Qe3+ Qf3 81. Qg1+ Kh4 82. Qg5+ Kh3 83. Qh6+ Kg2 84. Qxg6+ Kf2 85. Qf6
{Black resigns} 1-0

[Event "Team 45 45 League T51"]
[Site "Internet Chess Club"]
[Date "2011.11.14"]
[Round "1"]
[White "poni"]
[Black "LucaTrapani"]
[Result "0-1"]
[WhiteElo "1876"]
[BlackElo "1890"]
[Opening "King's Indian: 6.Be2"]
[ECO "E91"]
[Time "10:01:07"]
[TimeControl "2700+45"]

1. Nf3 Nf6 2. c4 g6 3. Nc3 Bg7 4. e4 d6 5. d4 O-O 6. Be2 Nc6 7. d5 Nb8 8. O-O a5
9. Qc2 Na6 10. a3 e5 11. Rb1 Nc5 12. b4 axb4 13. axb4 Ncxe4 14. Nxe4 Nxe4 15.
Be3 f5 16. Nd2 Nf6 17. f4 Re8 18. Rfe1 Ng4 19. Bxg4 fxg4 20. Qc1 Bf5 21. Rb3
exf4 22. Bxf4 Rxe1+ 23. Qxe1 Ra1 24. Nb1 Bc2 25. Bg5 Bd4+ 26. Re3 Qxg5 {White
resigns} 0-1

[Event "Team 45 45 League T51"]
[Site "Internet Chess Club"]
[Date "2011.11.13"]
[Round "1"]
[White "Zekrom"]
[Black "pkktet"]
[Result "1-0"]
[WhiteElo "1837"]
[BlackElo "1828"]
[Opening "Caro-Kann: advance variation"]
[ECO "B12"]
[Time "10:00:36"]
[TimeControl "2700+45"]

1. e4 c6 2. d4 d5 3. e5 c5 4. c3 Nc6 5. Nf3 Bg4 6. Be2 e6 7. h3 Bxf3 8. Bxf3
cxd4 9. cxd4 Qb6 10. Be3 Qxb2 11. Nd2 Nxd4 12. Qa4+ Nc6 13. Rb1 Qxe5 14. Rxb7
Rc8 15. O-O Bd6 16. g3 Ne7 17. Bf4 Qd4 18. Qxd4 Nxd4 19. Bxd6 Nef5 20. Bb4 Nc6
21. Rc1 Nfd4 22. Bd1 a5 23. Bc5 {Black resigns} 1-0

[Event "Team 45 45 League T51"]
[Site "Internet Chess Club"]
[Date "2011.11.11"]
[Round "1"]
[White "tryanything"]
[Black "Constrictor"]
[Result "0-1"]
[WhiteElo "1542"]
[BlackElo "1659"]
[Opening "Nimzovich-Larsen attack: modern variation"]
[ECO "A01"]
[Time "18:02:06"]
[TimeControl "2700+45"]

1. b3 e5 2. Bb2 Nc6 3. e3 d5 4. Bb5 Bd6 5. Nf3 f6 6. h3 Ne7 7. Nc3 O-O 8. Bxc6
bxc6 9. d3 Ng6 10. e4 Be6 11. O-O Qd7 12. Ne2 f5 13. Ng5 fxe4 14. Nxe6 Qxe6 15.
dxe4 Nf4 16. exd5 cxd5 17. Nxf4 Rxf4 18. Qh5 Raf8 19. Rae1 R8f5 20. Qe2 e4 21.
f3 Bc5+ 22. Kh1 e3 23. g3 Rh5 24. Qg2 Rxh3+ {White resigns} 0-1

[Event "Team 45 45 League T51"]
[Site "Internet Chess Club"]
[Date "2011.11.13"]
[Round "1"]
[White "FractalDante"]
[Black "nanning"]
[Result "0-1"]
[WhiteElo "1424"]
[BlackElo "1497"]
[Opening "Caro-Kann: exchange, Rubinstein variation"]
[ECO "B13"]
[Time "10:01:10"]
[TimeControl "2700+45"]

1. e4 c6 2. d4 d5 3. exd5 cxd5 4. Bd3 Nc6 5. c3 Nf6 6. Bf4 Bg4 7. Nf3 e6 8. Nbd2
Be7 9. Qc2 Rc8 10. h3 Bxf3 11. Nxf3 O-O 12. a3 h6 13. h4 Nh5 14. Be3 f5 15. g3
Nf6 16. Qd2 Ne4 17. Qc1 Na5 18. Nd2 Nxd2 19. Bxd2 Nb3 20. Qb1 Nxa1 21. Qxa1 Bd6
22. Qc1 Qf6 23. Bf4 e5 24. dxe5 Bxe5 25. Bxe5 Qxe5+ 26. Qe3 Rce8 27. Qxe5 Rxe5+
28. Kd2 f4 29. g4 Rf6 30. h5 a5 31. Bf5 Rb6 32. Rb1 f3 33. Bd3 Kf7 34. b4 Kf6
35. Re1 axb4 36. cxb4 Rxe1 37. Kxe1 Ke5 38. b5 Kd4 39. Kd2 Rf6 40. a4 b6 41. Kc2
Kc5 42. Kb3 Rf4 43. Bc2 Rxg4 44. Bd1 Rf4 45. Kc3 d4+ 46. Kd3 Kb4 47. Bc2 Ka3 48.
Bd1 Kb2 49. Bc2 Kc1 50. Bb3 Rh4 51. Bd5 Rxh5 52. Bxf3 Rh4 53. Be4 Rh2 54. f3
Rd2+ 55. Kc4 h5 56. f4 h4 57. Bf3 h3 58. Kd5 h2 59. Kc6 Ra2 60. Kxb6 Rxa4 61.
Kc5 d3 62. b6 Ra2 63. b7 Rb2 64. Kc6 d2 {White resigns} 0-1

[Event "Team 45 45 League T51"]
[Site "Internet Chess Club"]
[Date "2011.11.12"]
[Round "1"]
[White "JohLeb"]
[Black "Kiter"]
[Result "1-0"]
[WhiteElo "1444"]
[BlackElo "1374"]
[Opening "QGD: Marshall defense"]
[ECO "D06"]
[Time "17:59:55"]
[TimeControl "2700+45"]

1. d4 d5 2. c4 Nf6 3. Nc3 dxc4 4. e4 e6 5. Bxc4 Be7 6. Nf3 O-O 7. O-O c5 8. Be3
Nc6 9. dxc5 Qxd1 10. Raxd1 Nb4 11. a3 Nc2 12. b4 Nxe3 13. fxe3 Ng4 14. Rd3 f5
15. h3 fxe4 16. Rd4 Nxe3 17. Re1 Nc2 18. Rdxe4 Nxe1 19. Nxe1 b5 20. Bxe6+ Kh8
21. Bxc8 Raxc8 22. Rxe7 Rcd8 23. Nf3 h6 24. Rxa7 Rd3 25. Nxb5 Rd1+ 26. Kh2 g5
27. Nc3 Rd3 28. Ne4 g4 29. hxg4 h5 30. Neg5 hxg4 31. Rh7+ Kg8 32. Ne5 g3+ 33.
Kh3 Rd5 34. Re7 Rf6 35. Kg4 Rd4+ 36. Kh5 Rd1 37. Re8+ Kg7 38. Ne6+ Kh7 39. Kg5
Rdf1 40. Re7+ Kg8 41. Rg7+ Kh8 42. Re7 R1f5+ 43. Kg4 Rxe5 44. Re8+ Kh7 45. Nf8+
Rxf8 46. Rxe5 Rg8+ 47. Kf3 Ra8 48. Re3 Kg6 49. Kxg3 Kf5 50. Kf3 Rg8 51. a4 Rb8
52. b5 Ra8 53. Re4 Ra5 54. g4+ Kg5 55. c6 Ra8 56. b6 Rf8+ 57. Ke3 Rc8 58. Rc4
Re8+ 59. Kd3 Rd8+ 60. Kc3 Rd5 61. Kb4 Rd8 62. a5 Rc8 63. a6 Rb8 64. b7 Rf8 65.
Kb5 Rb8 66. c7 Rh8 67. c8=Q Rxc8 68. bxc8=Q {Black resigns} 1-0